 Dungeon Crawl Stone Soup version 0.26.1-11-gd32895ea62 (webtiles) character file.

Game seed: 7022897582720700256

4265 Revion the Quickloader (level 10, -9/90 HPs)
             Began as a Minotaur Hunter on June 19, 2021.
             Mangled by an orc warrior
             ... wielding a +0 trident
              (19 damage)
             ... on level 9 of the Dungeon.
             The game lasted 00:20:56 (9211 turns).

Revion the Quickloader (Minotaur Hunter)            Turns: 9211, Time: 00:20:56

Health: -9/90      AC:  7    Str: 17    XL:     10   Next: 10%
Magic:  9/9        EV: 19    Int:  8    God:
Gold:   417        SH:  5    Dex: 14    Spells: 9/9 levels left

rFire    + . .     SeeInvis .   a - +2 hand crossbow
rCold    . . .     Faith    .   (no shield)
rNeg     + . .     Spirit   .   N - +2 robe {rN+}
rPois    .         Reflect  +   (helmet restricted)
rElec    .         Harm     .   (no cloak)
rCorr    .         Rampage  .   s - +1 pair of gloves
Will     .....                  F - +0 pair of boots
Stlth    ++........             r - amulet of reflection
HPRegen  0.25/turn              o - +4 ring of evasion
MPRegen  0.11/turn              p - ring of protection from fire

@: no status effects
A: retaliatory headbutt, horns 2
a: no special abilities


You were on level 9 of the Dungeon.
You visited 1 branch of the dungeon, and saw 9 of its levels.

You collected 521 gold pieces.
You spent 104 gold pieces at shops.

Inventory:

Hand Weapons
 a - a +2 hand crossbow (weapon)
 b - a +0 short sword
 f - a +0 halberd
 v - a +0 halberd
 w - a +0 whip
 M - a +0 scimitar of flaming
Armour
 c - a +0 leather armour
 i - a +0 ring mail
 s - a +1 pair of gloves (worn)
 x - a +0 ring mail
 F - a +0 pair of boots (worn)
 N - a +2 robe of positive energy (worn)
Jewellery
 o - a +4 ring of evasion (left hand)
 p - a ring of protection from fire (right hand)
 r - an amulet of reflection (around neck)
 C - an uncursed amulet of the acrobat
 O - a +4 ring of protection {unknown}
Wands
 H - a wand of polymorph (10)
 P - a wand of random effects (21)
 R - a wand of paralysis (10)
 U - a wand of acid (12)
Scrolls
 h - 6 scrolls of remove curse
 k - 4 scrolls of identify
 u - a scroll of fear
 y - 2 scrolls of amnesia
 A - 3 scrolls of blinking
 B - 2 scrolls of fog
 D - a scroll of silence {unknown}
 G - a scroll of enchant weapon
 I - a scroll of noise {unknown}
 J - a scroll of teleportation
 K - 2 scrolls of enchant armour {unknown}
 Q - a scroll of holy word {unknown}
Potions
 e - 4 potions of curing
 g - 2 potions of might {unknown}
 j - 3 potions of heal wounds {unknown}
 l - 2 potions of ambrosia {unknown}
 m - a potion of magic {unknown}
 n - 2 potions of resistance {unknown}
 q - a potion of berserk rage {unknown}
 t - 2 potions of brilliance {unknown}
 z - 3 potions of degeneration {unknown}
 E - 3 potions of flight {unknown}
 L - 2 potions of mutation {unknown}
 S - a potion of haste {unknown}
 T - a potion of attraction {unknown}


   Skills:
 + Level 8.8 Fighting
 + Level 11.7 Crossbows
 + Level 5.4 Armour
 + Level 6.1 Dodging
 + Level 2.8 Stealth
 + Level 2.0 Shields


You had 9 spell levels left.
You didn't know any spells.
Your spell library contained the following spells:

 Spells                   Type           Power        Failure   Level
 Magic Dart               Conj           0%           41%         1
 Blink                    Tloc           N/A          54%         2
 Call Imp                 Summ           0%           54%         2
 Slow                     Hex            0%           54%         2
 Conjure Flame            Conj/Fire      0%           78%         3
 Mephitic Cloud           Conj/Pois/Air  0%           78%         3


Dungeon Overview and Level Annotations

Branches:
Dungeon (9/15)             Temple (0/1) D:4            Lair (0/6) D:9
    Orc: D:9-12

Altars:
Ashenzari
Elyvilon
Fedhas
Gozag
Okawaru
Uskayaw
Yredelemnul

Shops:
D:5 (   D:6 [   D:7 *   D:8 *


Innate Abilities, Weirdness & Mutations

You reflexively headbutt those who attack you in melee.
You have a pair of horns on your head.


Message History

d - a bolt The orc warrior hits you from afar with a +0 trident.
* * * LOW HITPOINT WARNING * * *
Fire: bolt
Press: ? - help, Q - select action, (/) - cycle Shift-Dir - straight line, f/p - orc warrior
Aim: an orc warrior, wielding a +0 trident and wearing a cursed +0 chain mail (almost dead, 70% to hit)
You shoot a bolt.
The bolt closely misses the orc warrior.
The orc warrior barely misses you.
You see here a bolt.
d - a bolt The orc warrior hits you from afar with a +0 trident!
* * * LOW HITPOINT WARNING * * *
Fire: bolt
Press: ? - help, Q - select action, (/) - cycle Shift-Dir - straight line, f/p - orc warrior
Aim: an orc warrior, wielding a +0 trident and wearing a cursed +0 chain mail (almost dead, 70% to hit)
You shoot a bolt.
The bolt closely misses the orc warrior.
The orc warrior hits you from afar with a +0 trident!!
You die...

.. ######.# #.## #.#...#
##†###.## ### #.....
#...##.## ... >....
#...##... #.###..#
#...#####
#......#######...#####
..##.......#...........#
.[................<.....
.......@(#)#.......†...#
.###.##..#{####....†####
#o##(# #.....# #.##(##.#
#.....# #.......#
#.....# ####.####
#.#.#.# #.# #.....# .(#
###.### #### #.#


You could see an orc warrior.

Vanquished Creatures
  Erica (D:8)
  A komodo dragon (D:9)
  A hornet (D:7)
  2 ice beasts
  An orc warrior (D:6)
  3 sky beasts
  An ogre (D:8)
  A phantom (D:5)
  3 centaurs
  4 bullfrogs
  A wyvern zombie (D:4)
  3 scorpions
  A wyvern skeleton (D:5)
  6 killer bees (D:9)
  4 howler monkeys
  A centaur zombie (D:5)
  A jelly (D:7)
  3 orc priests
  A bullfrog skeleton (D:8)
  2 centaur skeletons
  4 hounds
  Terence (D:3)
  2 iguanas
  9 worker ants
  9 orc wizards
  A hound skeleton (D:7)
  A mummy (D:8)
  9 gnolls
  10 adders
  2 shadow imps
  An ufetubus (D:5)
  5 oozes
  An adder zombie (D:5)
  2 worms (D:2)
  8 leopard geckos
  27 orcs
  5 bats
  8 giant cockroaches
  10 goblins
  11 hobgoblins
  8 jackals
  5 quokkas
  A ball python (D:2)
  6 frilled lizards
  A giant cockroach zombie (D:6)
  A jackal zombie (D:8)
  9 kobolds
  A quokka skeleton (D:2)
  4 rats
  A spectral orc (D:8)
204 creatures vanquished.

Vanquished Creatures (others)
  4 plants (D:9)
4 creatures vanquished.

Grand Total: 208 creatures vanquished

Notes
Turn   | Place    | Note
-------+----------+-------------------------------------------
     0 | D:1      | Revion the Minotaur Hunter began the quest for the Orb.
     0 | D:1      | Reached XP level 1. HP: 18/18 MP: 0/0
   136 | D:1      | Reached XP level 2. HP: 25/25 MP: 1/1
   553 | D:2      | Reached skill level 5 in Crossbows
   719 | D:2      | Reached XP level 3. HP: 30/30 MP: 2/2
  1040 | D:2      | Found a faded altar of an unknown god.
  1135 | D:2      | Reached XP level 4. HP: 37/37 MP: 3/3
  1180 | D:2      | Reached skill level 6 in Crossbows
  1236 | D:2      | Reached skill level 1 in Stealth
  2040 | D:3      | Noticed Terence
  2046 | D:3      | Killed Terence
  2047 | D:3      | Reached XP level 5. HP: 45/45 MP: 4/4
  2238 | D:3      | Reached skill level 1 in Armour
  2456 | D:3      | Reached skill level 7 in Crossbows
  2850 | D:4      | Reached XP level 6. HP: 36/52 MP: 5/5
  3039 | D:4      | Found a staircase to the Ecumenical Temple.
  3281 | D:4      | Reached skill level 8 in Crossbows
  4141 | D:4      | Reached XP level 7. HP: 59/59 MP: 6/6
  4240 | D:5      | Entered Level 5 of the Dungeon
  4279 | D:5      | Found Bayhu's Antique Weapon Shoppe.
  4748 | D:5      | Reached XP level 8. HP: 67/67 MP: 7/7
  4791 | D:5      | Reached skill level 5 in Fighting
  4791 | D:5      | Reached skill level 9 in Crossbows
  5085 | D:5      | Reached skill level 1 in Shields
  5435 | D:6      | Found a blossoming altar of Fedhas.
  5494 | D:6      | Found Zocist's Armour Shop.
  5509 | D:6      | Bought a +0 pair of boots for 54 gold pieces
  5603 | D:6      | Found an iron altar of Okawaru.
  5673 | D:7      | Reached skill level 10 in Crossbows
  6015 | D:7      | Noticed a hornet
  6025 | D:7      | Killed a hornet
  6026 | D:7      | Reached XP level 9. HP: 49/75 MP: 8/8
  6226 | D:7      | Found a white marble altar of Elyvilon.
  6258 | D:7      | Found Bimaepn's Assorted Antiques.
  6264 | D:7      | Bought a scroll of identify for 50 gold pieces
  6400 | D:7      | Found a broken altar of Ashenzari.
  6400 | D:7      | Found an opulent altar of Gozag.
  6751 | D:8      | Noticed Erica
  6765 | D:8      | Killed Erica
  6766 | D:8      | Reached skill level 11 in Crossbows
  6766 | D:8      | Reached skill level 5 in Armour
  6917 | D:8      | Found Jafe's Assorted Antiques.
  7165 | D:8      | Found a sand-covered staircase.
  7403 | D:8      | Reached skill level 5 in Dodging
  7653 | D:8      | Found a hide-covered altar of Uskayaw.
  7839 | D:8      | Found a basalt altar of Yredelemnul.
  8732 | D:9      | Found a staircase to the Lair.
  8733 | D:9      | Noticed a komodo dragon
  8762 | D:9      | Killed a komodo dragon
  8763 | D:9      | Reached XP level 10. HP: 65/90 MP: 9/9
  9211 | D:9      | Mangled by an orc warrior

Illustrated notes

Levels and vault maps discovered:
D:1:      eino_arrival_cavern_e, layout_basic,
          hangedman_abyss_or_decor_lesser_grid, chequers_garden
D:2:      wad_crossroads, layout_loops_ring, chequers_ecumenical_altar_simple
D:3:      layout_loops_ring, serial_rivers, chequers_serial_rivers_small_b,
          chequers_serial_rivers_micro_b, chequers_serial_rivers_room_b,
          chequers_serial_rivers_large_a, uniq_terence
D:4:      minmay_door_path, layout_cave_pods, minmay_temple_entry_purple_smoke
D:5:      layout_rooms, serial_shops, nicolae_shop_overgrown_old_shop,
          minmay_quadrilaterals
D:6:      layout_cave_pools, fedhas_altar_2, basic_altar, serial_shops, shop
D:7:      layout_loops_cross, lemuel_crystal_altar,
          gammafunk_temple_overflow_elements, serial_shops, shop
D:8:      layout_loops_corners, nicolae_overflow_hidden_temple,
          yredelemnul_forgotten_temple_becter, gup_ossuary_entry_pyramid,
          serial_shops, nicolae_shop_waterfront, uniq_erica
D:9:      layout_loops_cross, david_lair_shrubbed

Skill      XL: |  1  2  3  4  5  6  7  8  9 10 |
---------------+-------------------------------+-----
Crossbows      | 5 6 7 8 10 11 | 11.7
Stealth        | 1 2 |  2.8
Fighting       | 3 4 6 8 |  8.8
Armour         | 1 2 4 5 |  5.4
Dodging        | 3 4 5 6 |  6.1
Shields        | 1 2 |  2.0

Action                   |  1- 3 |  4- 6 |  7- 9 | 10-12 || total
-------------------------+-------+-------+-------+-------++-------
Melee: Hand crossbow     |       |       |     3 |       ||     3
 Fire: Hand crossbow     |    47 |   183 |   314 |    37 ||   581
  Use: Scroll            |       |     2 |     9 |       ||    11
Armor: Leather armour    |     2 |    11 |       |       ||    13
       Ring mail         |       |       |    20 |       ||    20
       Robe              |       |       |     7 |       ||     7
Dodge: Dodged            |     7 |    74 |    89 |    10 ||   180
Block: Other             |       |       |    21 |     2 ||    23
